 Dungeon Crawl Stone Soup version 0.29-a0-270-g1586fc07ea (webtiles) character file.

Game seed: 4885447380669576549

70 enile the Skirmisher (level 4, -6/44 HPs)
             Began as a Minotaur Monk on Mar 8, 2022.
             Was a Plaything of Xom.
             Mangled by a black bear (7 damage)
             ... on level 3 of the Dungeon.
             The game lasted 00:02:05 (2094 turns).

enile the Skirmisher (Minotaur Monk)                Turns: 2094, Time: 00:02:05

Health: -6/44      AC:  8    Str: 17    XL:     4   Next: 4%
Magic:  3/3        EV:  7    Int:  7    God:    Xom [..*...]
Gold:   94         SH:  0    Dex: 13    Spells: 3/3 levels left

rFire   + . .      SeeInvis .   a - +0 hand axe
rCold   + . .      Faith    .   o - orb {mayhem}
rNeg    . . .      Spirit   .   f - +0 chain mail
rPois   +          Reflect  .   (helmet restricted)
rElec   +          Harm     .   (no cloak)
rCorr   +          Rampage  .   (no gloves)
Will    .....                   (no boots)
Stlth   ..........              (no amulet)
HPRegen 0.14/turn               (no ring)
MPRegen 0.08/turn               (no ring)

@: resistant
A: horns 2, retaliatory headbutt
a: Renounce Religion


You were on level 3 of the Dungeon.
You worshipped Xom.
You were a toy of Xom.
You visited 1 branch of the dungeon, and saw 3 of its levels.

You collected 94 gold pieces.

Inventory:

Hand Weapons
 a - a +0 hand axe (weapon)
 m - a +0 morningstar
Armour
 b - a +0 robe
 f - a +0 chain mail (worn)
 o - an orb of mayhem (worn)
Scrolls
 j - a scroll of enchant weapon
 n - 2 scrolls of enchant armour {unknown}
Potions
 c - 2 potions of ambrosia
 e - 2 potions of curing {unknown}
 i - 3 potions of lignification {unknown}
 k - a potion of might {unknown}
 l - a potion of haste {unknown}
 p - a potion of mutation {unknown}
 q - a potion of flight {unknown}


   Skills:
 - Level 6.0 Fighting
 - Level 3.6 Axes
 + Level 0.2 Armour
 - Level 3.2 Dodging
 - Level 1.5 Stealth


You had 3 spell levels left.
You didn't know any spells.
Your spell library contained the following spells:

 Spells                   Type           Power      Damage    Failure   Level
 Tukima's Dance           Hex            0%         N/A       100%        3
 Anguish                  Hex/Necr       0%         N/A       100%        4
 Enfeeble                 Hex            0%         N/A       100%        7


Dungeon Overview and Level Annotations

Branches:
Dungeon (3/15)

Altars:
Xom


Innate Abilities, Weirdness & Mutations

You have a pair of horns on your head.
You reflexively headbutt those who attack you in melee.


Message History

A frilled lizard comes into view.
A frilled lizard is nearby!
The frilled lizard hisses angrily.
A black bear comes into view.
The black bear growls angrily.
You hit the frilled lizard.
You kill the frilled lizard!
The black bear flies into a frenzy!
You barely miss the black bear. You headbutt the black bear.
The black bear is lightly wounded.
The black bear bites you!
The black bear claws you but does no damage.
The black bear claws you.
You barely miss the black bear. Your headbutt misses the black bear.
The black bear is lightly wounded.
The black bear bites you! The black bear claws you.
The black bear barely misses you. The black bear completely misses you.
The black bear claws you.
The black bear claws you but does no damage.
You are too injured to fight recklessly!
As you read the scroll labelled VYEMPU AD WUSM, it crumbles to dust.
You feel aware of your surroundings.
It was a scroll of magic mapping.
The black bear bites you but does no damage.
The black bear claws you but does no damage.
The black bear claws you.
As you read the scroll labelled XIVICWOETU, it crumbles to dust.
It is a scroll of identify.
j - a scroll of enchant weapon The black bear bites you!
The black bear claws you.
* * * LOW HITPOINT WARNING * * *
The black bear claws you.
* * * LOW HITPOINT WARNING * * *
The black bear closely misses you. The black bear claws you.
* * * LOW HITPOINT WARNING * * *
The black bear claws you but does no damage.
It was a potion of resistance.
You feel protected.
Xom thinks this is hilarious!
The black bear bites you!
You die...

**,,,****,,,,,,,,,****,,,,***
*****,,*****,,,....**
***,*,** *,,,,,,,,* **,,...**
*,,,,,,** *,****,*,*
**,..#####*,,,,,,,,
*,**,,,*,* *#.$......,***,,**
*,**,***,* #........,* *,,**
*,**,***,* ##........,***,,**
*,,,,,,,,* #h........,,,,,,**
****,*****
##@........,***,*** *,*
#..........,,,,,,,,
*,**#######.........****,***
*,,,.........###...,,,,,,*
****########.# **##*******
#.# #.# #.# #.#


You could see a neutral black bear (fast, strong, insane).

Vanquished Creatures
  An adder (D:3)
  4 dart slugs
  8 ball pythons
  4 bats (D:1)
  3 endoplasms
  5 giant cockroaches
  4 goblins
  7 hobgoblins
  2 jackals (D:1)
  A kobold (D:1)
  5 frilled lizards
  4 rats
48 creatures vanquished.

Notes
Turn   | Place    | Note
-------+----------+-------------------------------------------
     0 | D:1      | enile the Minotaur Monk began the quest for the Orb.
     0 | D:1      | Reached XP level 1. HP: 19/19 MP: 0/0
    32 | D:1      | Reached skill level 4 in Fighting
    93 | D:1      | Reached XP level 2. HP: 28/28 MP: 1/1
   520 | D:1      | Reached skill level 5 in Fighting
   648 | D:1      | Reached XP level 3. HP: 36/36 MP: 2/2
  1229 | D:2      | Found a faded altar of an unknown god.
  1237 | D:2      | Prayed at the altar of an unknown god.
  1237 | D:2      | Became a worshipper of The Xom-Meister, Xom-Xom-bo-Bom,
                  | Banana-Fana-fo-Fom
  1745 | D:3      | XOM: blink monster(s)
  1818 | D:3      | XOM: cloud trail
  1863 | D:3      | XOM: scenery: 1 doors open, 1 doors close
  2017 | D:3      | Reached skill level 6 in Fighting
  2017 | D:3      | Reached XP level 4. HP: 44/44 MP: 3/3
  2086 | D:3      | Noticed a black bear
  2093 | D:3      | HP: 1/44 [black bear (5)]
  2094 | D:3      | Mangled by a black bear

Illustrated notes

Levels and vault maps discovered:
D:1:      dpeg_arrival_rooms_c, layout_basic, minmay_worlds_worst_comb
D:2:      layout_rooms, hellmonk_ecumenical_altar_crossroads,
          supply_closet_lemuel, dk_vineyard_3, chequers_serial_rivers_marsh
D:3:      layout_loops_corners, minmay_stone_trees_small,
          minmay_misc_feat_rugged

Skill      XL: |  1  2  3 |
---------------+----------+-----
Fighting       | 4 5 6 |  6.0
Axes           | |  3.6
Armour         | |  0.2
Dodging        | |  3.2
Stealth        | |  1.5

Action                   |  1- 3 |  4- 6 || total
-------------------------+-------+-------++-------
Melee: Hand axe          |   113 |     5 ||   118
       Headbutt          |    15 |     1 ||    16
       Punch             |     1 |       ||     1
  Use: Scroll            |       |     2 ||     2
       Potion            |       |     1 ||     1
 Stab: Sleeping          |     2 |       ||     2
Armor: Robe              |     7 |       ||     7
       Chain mail        |    60 |     6 ||    66
Dodge: Dodged            |    47 |     3 ||    50

Table legend: (Time is in decaauts)
 A = Elapsed time spent in this place.
 B = Non-inter-level travel time spent in this place.
 C = Inter-level travel time spent in this place.
 D = Time resting spent in this place.
 E = Time spent auto-exploring this place.
 F = Levels seen in this place.
 G = Mean time per level.
                   A        B        C        D        E       F      G
               +--------+--------+--------+--------+--------+-----+--------+
         Total |   2108 |   2044 |     64 |      0 |   1708 |   3 |  702.7 |
       Dungeon |   2108 |   2044 |     64 |      0 |   1708 |   3 |  702.7 |
               +--------+--------+--------+--------+--------+-----+--------+

Top non-repeatable levels by time:
     D:1: 1028 daAuts
     D:2: 600 daAuts
     D:3: 479 daAuts
